Map: Lightshade LE

Players

A.I. 1 (Elite) - Winner!

  • Race: Protoss Protoss
  • Spawn Location: 5:00

Bombs

  • Race: Terran Terran
  • Spawn Location: 11:00

VOD

https://www.youtube.com/watch?v=xT80MQYChzU&feature=youtu.be&ab_channel=BombsTVEN

Description

The Build Order:

14 Supply
16 Barracks, Gas (Only 2 Workers at Gas)
100% Barracks > 2nd Supply Depot, Marine, Orbital
100% 2nd Supply Depot > Expand, Bunker, 2nd Barracks, 3rd Barracks, Put 1 Extra Worker on Gas totallizing 3, Eng Bay (Build as you get the money)
Once you get 4 Marines > Reactor on Barracks
2nd and 3rd Barracks get Tech Labs, Stim and then Combat Shield (MAKE SURE YOU BUILD STIM AND CSHIELDS FIRST THEN MARAUDER PRODUCTION)
4:20 > Build Turret in Natural for Anti DT's
2 Mineral Lines fully saturated > +3 Gases
Once you get 100 Gas > Factory, then +1 Attack
100% Factory > Starport, Reactor on Factory
100% Reactor on Factory Swap Go for Medvacs
2 Mineral Lines fully saturated with 4 Gases > Get 3rd Base, +2 Barracks, 1 Eng Bay, 1 Armory
Once 3rd Base mineral line gets saturated Get +2 Gases and Ghost Academy
@9:00 Build the 4th Base
Once you start mining from the 4th Base, Build +3 Barracks and +1 Starport

Time

  • Played on: Dec. 8, 2020, 2:24 a.m.
  • Length: 12:50
Show
View Real Time Build Order
Export as new Build Order

A.I. 1 (Elite) Protoss - Winner!

Build Orders: 1 Gate Expand, Colossus Rush 

Get SALT Encoding   

  12  0:00  Probe  
  13  0:13  Probe  
  14  0:19  Pylon  
  14  0:25  Probe  
  15  0:33  Probe  
  15  0:41  Probe  
  16  0:47  Assimilator  
  17  0:50  Gateway  
  17  0:51  Probe  
  18  1:00  Pylon, Probe  
  19  1:08  Probe  
  19  1:18  Probe  
  21  1:30  Probe  
  22  1:36  Nexus  
  22  1:42  Probe  
  22  1:47  Zealot  
  25  1:58  Probe, Cybernetics Core  
  26  2:06  Probe  
  26  2:14  Probe  
  28  2:24  Pylon  
  28  2:26  Probe  
  28  2:29  Stalker  
  29  2:35  Warp Gate  
  30  2:38  Probe  
  30  2:40  Gateway  
  30  2:43  Assimilator  
  31  2:50  Probe  
  32  2:54  Adept  
  32  3:02  Pylon, Probe x2  
  36  3:10  Probe  
  36  3:14  Probe  
  38  3:21  Robotics Facility  
  38  3:24  Adept  
  38  3:25  Probe  
  40  3:27  Adept  
  40  3:29  Probe  
  44  3:37  Probe  
  45  3:41  Probe  
  46  3:49  Probe x2  
  46  3:52  Adept  
  46  3:54  Adept  
  50  3:57  Probe  
  50  4:01  Probe  
  54  4:09  Probe  
  54  4:10  Robotics Bay  
  54  4:13  Pylon, Probe, Observer  
  57  4:19  Robotics Facility  
  57  4:21  Probe  
  58  4:25  Pylon  
  58  4:28  Stalker  
  60  4:32  Adept  
  60  4:36  Probe  
  60  4:38  Pylon, Probe  
  64  4:47  Stalker  
  66  4:56  Gateway  
  66  5:03  Colossus  
  66  5:07  Zealot  
  66  5:09  Pylon  
  66  5:10  Zealot  
  76  5:19  Pylon  
  74  5:27  Zealot, Adept  
  56  5:44  Probe x2  
  56  5:46  Gateway  
  56  5:47  Zealot, Adept  
  56  5:49  Twilight Council  
  61  5:50  Adept  
  61  5:51  Assimilator  
  61  5:53  Assimilator  
  61  5:56  Probe  
  64  6:04  Zealot  
  64  6:07  Adept  
  64  6:10  Stalker  
  70  6:13  Probe x2  
  70  6:15  Nexus  
  72  6:22  Probe  
  72  6:25  Probe  
  72  6:29  Dark Shrine  
  74  6:38  Forge  
  74  6:40  Stalker  
  74  6:44  Forge  
  74  6:45  Stalker  
  78  6:49  Stalker  
  80  6:59  Sentry  
  82  7:04  Stalker  
  82  7:05  Pylon  
  84  7:08  Zealot  
  84  7:13  Zealot  
  88  7:16  Stalker  
  90  7:26  Photon Cannon  
  90  7:27  Stalker, Probe  
  90  7:28  Probe x2  
  90  7:29  Pylon, Sentry  
  97  7:32  Pylon  
  97  7:37  Assimilator  
  97  7:38  Stalker  
  97  7:39  Probe, Assimilator  
  97  7:40  Probe x2  
  97  7:42  Dark Templar  
  104  7:47  Protoss Ground Weapons Level 1  
  104  7:50  Dark Templar  
  106  7:52  Probe, Observer  
  106  7:53  Probe x2  
  109  8:03  Photon Cannon  
  109  8:04  Protoss Ground Armor Level 1, Probe  
  109  8:05  Probe  
  111  8:06  Archon, Probe  
  112  8:13  Dark Templar  
  112  8:16  Probe  
  112  8:17  Photon Cannon, Probe  
  112  8:18  Probe  
  117  8:21  Dark Templar  
  117  8:24  Stalker, Pylon  
  117  8:27  Stalker  
  123  8:28  Probe  
  123  8:29  Probe  
  123  8:30  Probe  
  126  8:37  Immortal  
  126  8:38  Archon  
  126  8:39  Zealot  
  126  8:40  Probe  
  131  8:46  Dark Templar  
  131  8:47  Zealot, Pylon  
  127  8:50  Zealot  
  127  8:55  Zealot  
  131  9:07  Stalker, Immortal  
  125  9:10  Zealot  
  125  9:12  Nexus  
  125  9:13  Zealot  
  125  9:16  Zealot  
  123  9:22  Twilight Council  
  123  9:23  Pylon  
  123  9:24  Probe  
  119  9:28  Probe  
  108  9:31  Probe  
  108  9:32  Probe  
  102  9:42  Probe, Adept  
  105  9:47  Probe  
  105  9:48  Probe  
  107  9:54  Stalker, Probe  
  107  9:59  Stalker, Probe  
  113  10:01  Dark Shrine, Probe  
  113  10:06  Probe  
  115  10:11  Probe  
  115  10:13  Probe  
  117  10:18  Probe  
  117  10:20  Stalker, Sentry, Adept  
  124  10:23  Stalker, Pylon, Probe  
  127  10:29  Probe  
  127  10:32  Nexus  
  128  10:37  Probe x2  
  128  10:38  Probe  
  131  10:46  Zealot, Pylon  
  131  10:48  Zealot  
  131  10:49  Probe  
  136  10:51  Zealot  
  136  10:53  Zealot  
  140  11:01  Immortal  
  144  11:06  Stalker  
  144  11:09  Pylon  
  146  11:13  Dark Templar, Immortal  
  150  11:28  Dark Templar, Pylon  
  131  11:33  Dark Templar  
  104  11:44  Archon, Dark Templar  
  88  11:47  Dark Templar  
  58  12:15  Archon  
Show
View Real Time Build Order
Export as new Build Order

Bombs Terran 

Build Orders:  

Get SALT Encoding   

  12  0:00  SCV  
  13  0:13  SCV  
  14  0:17  Supply Depot  
  14  0:25  SCV  
  15  0:39  SCV  
  15  0:40  Barracks  
  16  0:43  Refinery  
  16  0:51  SCV  
  17  1:03  SCV  
  18  1:15  SCV  
  19  1:27  Marine  
  19  1:28  Orbital Command  
  19  1:29  Supply Depot  
  20  1:45  Marine  
  21  1:54  SCV  
  21  2:00  Command Center  
  22  2:03  Marine  
  22  2:06  SCV  
  24  2:14  Bunker  
  24  2:15  Barracks  
  24  2:19  SCV  
  24  2:21  Marine  
  26  2:28  Barracks  
  26  2:31  SCV  
  27  2:39  Engineering Bay  
  27  2:41  Barracks Reactor  
  27  2:43  SCV  
  28  2:55  SCV  
  29  3:03  Barracks Tech Lab  
  29  3:07  SCV  
  29  3:11  Orbital Command  
  30  3:16  Barracks Tech Lab  
  30  3:18  Marine x2  
  30  3:19  SCV  
  33  3:23  Stimpack  
  33  3:31  SCV  
  33  3:34  Combat Shield, Marauder  
  36  3:37  Marine x2  
  36  3:39  SCV  
  39  3:43  Supply Depot, SCV  
  39  3:44  Marauder  
  42  3:51  SCV  
  43  3:55  SCV  
  43  3:56  Marauder  
  43  4:00  Supply Depot  
  46  4:05  Marine x2, SCV  
  46  4:07  Supply Depot  
  46  4:09  Marauder  
  51  4:12  SCV  
  52  4:17  Marauder  
  52  4:20  Missile Turret  
  52  4:21  SCV  
  52  4:23  Marine  
  52  4:24  SCV  
  57  4:25  Marine  
  57  4:29  Supply Depot  
  58  4:33  SCV  
  58  4:35  Marauder  
  58  4:36  SCV  
  58  4:37  Supply Depot  
  62  4:40  Marine  
  63  4:46  Marauder, SCV  
  63  4:49  SCV  
  67  4:53  Refinery  
  67  4:54  Refinery  
  67  4:55  Refinery  
  67  4:57  Marauder  
  67  4:58  Supply Depot, SCV  
  70  5:00  Marine x2  
  70  5:01  SCV  
  73  5:10  SCV  
  73  5:14  SCV  
  75  5:18  Marauder  
  75  5:19  Marauder  
  78  5:22  Marine, SCV  
  78  5:23  Marine  
  78  5:26  SCV  
  78  5:29  Factory  
  78  5:34  SCV  
  77  5:38  SCV  
  77  5:39  Supply Depot, Marauder  
  77  5:40  Marauder  
  82  5:46  SCV  
  83  5:50  Marine x2, SCV  
  83  5:52  Concussive Shells  
  83  5:54  Terran Infantry Weapons Level 1  
  86  5:58  Supply Depot, SCV  
  86  5:59  Supply Depot  
  86  6:01  Marauder  
  86  6:02  SCV  
  90  6:09  Supply Depot  
  90  6:10  SCV  
  90  6:14  SCV  
  90  6:16  Factory Reactor, Starport  
  91  6:21  Marine x2  
  91  6:22  Marauder, SCV  
  96  6:27  SCV  
  96  6:32  Command Center  
  97  6:34  SCV  
  97  6:38  Supply Depot  
  99  6:40  SCV  
  99  6:45  Marine x2, Marauder  
  99  6:46  Marauder  
  99  6:47  SCV  
  106  6:49  Supply Depot  
  106  6:56  SCV  
  106  6:58  Factory Reactor  
  106  6:59  Medivac x2  
  111  7:02  SCV  
  111  7:04  Marine x2  
  111  7:08  SCV  
  115  7:11  Engineering Bay  
  115  7:12  Armory  
  115  7:13  Marauder x2  
  119  7:16  Supply Depot  
  119  7:22  SCV x2  
  121  7:27  Marine x2  
  123  7:31  Medivac x2, Barracks  
  123  7:32  Barracks  
  123  7:34  Marauder  
  123  7:36  SCV  
  130  7:38  Widow Mine x2  
  130  7:40  SCV  
  135  7:45  Orbital Command  
  135  7:48  SCV  
  136  7:52  SCV  
  136  7:57  Marine x2, Marauder x2  
  143  7:59  Terran Infantry Weapons Level 2  
  143  8:00  Terran Infantry Armor Level 1  
  143  8:01  Widow Mine x2  
  143  8:03  Medivac  
  149  8:09  SCV  
  150  8:15  Marine x2  
  150  8:18  Marauder  
  150  8:19  Marauder  
  156  8:21  Refinery  
  156  8:22  Refinery  
  156  8:23  Supply Depot x2  
  156  8:26  SCV  
  157  8:27  Supply Depot  
  157  8:33  SCV  
  158  8:38  Marine  
  157  8:42  Marine x3  
  157  8:43  Marauder x2  
  157  8:44  Medivac x2  
  157  8:45  Widow Mine x2  
  157  8:56  Marine  
  157  9:00  Marine x2  
  160  9:04  Marauder x2  
  162  9:13  Widow Mine x2  
  162  9:14  Medivac x2, Marine  
  160  9:18  Marine  
  160  9:23  Barracks Tech Lab  
  156  9:25  Marauder x2  
  156  9:26  Barracks Tech Lab  
  156  9:30  Command Center  
  159  9:35  Ghost Academy  
  149  9:40  Marine  
  149  9:41  Marine  
  149  9:42  Widow Mine x2  
  151  9:45  Medivac  
  151  9:46  Medivac  
  151  9:47  Marauder x2  
  163  9:52  Marauder  
  163  9:53  Marauder  
  163  9:58  Marine x2  
  165  10:05  Enhanced Shockwaves  
  165  10:08  Marauder x2  
  165  10:09  Terran Infantry Armor Level 2  
  165  10:13  Marine  
  165  10:14  Marauder, SCV  
  173  10:16  Marine x2  
  173  10:21  Medivac x2, Widow Mine x2  
  179  10:24  Supply Depot  
  179  10:25  Supply Depot  
  183  10:29  Marauder  
  183  10:30  Marauder  
  187  10:52  Marine  
  187  10:53  Marine x2, Marauder x3  
  196  11:00  Barracks  
  196  11:01  Barracks x2  
  196  11:10  Marine x2  
  200  11:11  Marauder  
  179  11:40  Liberator x2  
  179  11:41  Marine x2, Widow Mine x2  
  179  11:42  Marine, Marauder x3  
  188  11:51  Engineering Bay  
  188  11:53  Engineering Bay, Barracks Tech Lab x3  
  188  11:56  Engineering Bay  
  188  11:59  Marine x2  
  188  12:00  Marauder  
  189  12:03  Marine, Marauder x2  
  189  12:06  Widow Mine x2  
  186  12:12  Marine x2, Marauder  
  184  12:17  Marine  
  184  12:21  Marauder x2  
  189  12:25  Marauder  
Tags
 
Add a new tag
Caveats
  • Supply blocks, unpowered buildings, or Contaminate may cause inaccurate times.
  • Supply counts are checked every 10 seconds.